 Dungeon Crawl Stone Soup version 0.17.1-1-g73c8601 (webtiles) character file.

324 ktd the Firebug (level 6, 0/32 HPs)
             Began as a Deep Elf Fire Elementalist on Dec 15, 2015.
             Slain by a hound (6 damage)
             ... on level 5 of the Dungeon.
             The game lasted 00:23:47 (4947 turns).

ktd the Firebug (Deep Elf Fire Elementalist)        Turns: 4947, Time: 00:23:50

Health: 0/32       AC:  3    Str:  7      XL:     6   Next: 23%
Magic:  13/13      EV: 12    Int: 22      God:
Gold:   241        SH:  0    Dex:  7 (15) Spells: 3 memorised, 3 levels left

rFire  + . .     SeeInvis .     w - staff of fire
rCold  + . .     Clarity  .     a - +0 robe
rNeg   . . .     SustAt   .     (no shield)
rPois  .         Gourm    .     (no helmet)
rElec  .         Spirit   .     (no cloak)
rCorr  .         Warding  .     v - +0 pair of gloves
rMut   .         Stasis   .     (no boots)
MR     .....                    (no amulet)
Stlth  +.........               (no ring)
                                (no ring)

@: confused, not resistant to hostile enchantments, very unstealthy
A: cold resistance 1, high mp 1, strong 1
a: no special abilities


You were on level 5 of the Dungeon.
You were not hungry.

You visited 1 branch of the dungeon, and saw 5 of its levels.

You collected 241 gold pieces.

Inventory:

Hand Weapons
 d - a +4 short sword
Armour
 a - a +0 robe (worn)
 v - a +0 pair of gloves (worn)
Magical Staves
 w - an uncursed staff of fire (weapon)
Jewellery
 k - an uncursed amulet of rage
 r - an uncursed ring of ice
Wands
 l - a wand of fireball (7)
Scrolls
 e - 2 scrolls of fog
 i - 2 scrolls of remove curse
 p - a scroll of enchant weapon
 x - a scroll of teleportation
Potions
 g - a potion of cure mutation
 o - a potion of resistance {unknown}
 q - a potion of magic {unknown}
 s - 3 potions of cancellation {unknown}
 t - a potion of curing {unknown}
Books
 b - a book of Flames

   Spells                             Type                      Level
   a - Flame Tongue                   Conjuration/Fire             1
   b - Throw Flame                    Conjuration/Fire             2
   c - Conjure Flame                  Conjuration/Fire             3
   d - Inner Flame                    Hexes/Fire                   3
   e - Sticky Flame                   Conjuration/Fire             4
   f - Fireball                       Conjuration/Fire             5
Comestibles
 c - 3 bread rations
 f - 2 meat rations
 m - 2 beef jerkies
 n - 4 fruits


   Skills:
 - Level 2.4 Dodging
 - Level 2.4 Stealth
 - Level 3.0 Spellcasting
 + Level 3.9 Conjurations
 * Level 6.6 Fire Magic


You had 3 spell levels left.
You knew the following spells:

 Your Spells              Type           Power        Failure   Level  Hunger
a - Flame Tongue          Conj/Fire      #####        1%          1    None
b - Conjure Flame         Conj/Fire      #####...     4%          3    ###....
c - Sticky Flame          Conj/Fire      #####...     14%         4    ####...


Dungeon Overview and Level Annotations

Branches:
Dungeon (5/15)
 Temple: D:4-7

Altars:


Innate Abilities, Weirdness & Mutations

Your flesh is cold resistant.
You have an increased reservoir of magic (+10% MP).
Your muscles are strong. (Str +2)


Message History

The quasit bites you but does no damage.
The quasit claws you but does no damage. x2
The hound closely misses you.
You're too confused to cast spells.
There isn't anything here!
You're too confused to cast spells.
You bump into the rock wall.
The hound closely misses you. The quasit bites you.
* * * LOW HITPOINT WARNING * * *
You feel clumsy. The quasit misses you. The quasit closely misses you.
Drink which item? (? for menu, Esc to quit)
It was a potion of mutation.
You feel extremely strange.
You feel stronger.
You feel resistant to cold.
You feel more energetic. The hound bites you.
* * * LOW HITPOINT WARNING * * *
The quasit misses you.
The quasit claws you but does no damage.
The quasit closely misses you. The hound bites you.
You die...

.#.#.##.# ..#.##.#
#......# #.##.#.##.#
#......##.# ### #....#
...#>##.#
#.#.##5###############
#...h@.#..............
#o#.####.#####.######
...#......# #.# ....
######.# #.# .#.## #.#
#.# ... #.#####.# .#
#.......# #########


You could see a hound, a quasit and an orc (wandering).

Vanquished Creatures
  A hound (D:5)
  An orc priest (D:4)
  An orc wizard (D:4)
  A giant frog skeleton (D:4)
  2 worker ants (D:4)
  6 adders
  3 gnolls (D:3)
  An adder skeleton (D:4)
  A worm (D:4)
  3 giant geckos
  7 orcs
  8 bats
  4 giant cockroaches
  6 goblins
  7 hobgoblins
  2 giant newts
  14 kobolds
  4 quokkas
  10 rats
82 creatures vanquished.

Notes
Turn   | Place    | Note
--------------------------------------------------------------
     0 | D:1      | ktd the Deep Elf Fire Elementalist began the quest for the Orb.
     0 | D:1      | Reached XP level 1. HP: 10/10 MP: 6/6
   665 | D:1      | Reached XP level 2. HP: 15/15 MP: 8/8
   883 | D:1      | Reached skill level 4 in Fire Magic
  1554 | D:2      | Reached XP level 3. HP: 11/19 MP: 5/9
  1692 | D:2      | Learned a level 3 spell: Conjure Flame
  1765 | D:2      | Reached XP level 4. HP: 12/24 MP: 0/10
  2083 | D:3      | Reached skill level 5 in Fire Magic
  2144 | D:3      | Learned a level 4 spell: Sticky Flame
  2245 | D:3      | Found a faded altar to an unknown god.
  3139 | D:3      | Reached XP level 5. HP: 24/28 MP: 11/11
  3701 | D:4      | Noticed a phantom
  3707 | D:4      | Reached skill level 6 in Fire Magic
  4693 | D:4      | Reached XP level 6. HP: 25/32 MP: 8/12
  4892 | D:5      | Entered Level 5 of the Dungeon
  4947 | D:5      | Gained mutation: Your muscles are strong. (Str +2) [potion of mutation]
  4947 | D:5      | Gained mutation: Your flesh is cold resistant. [potion of mutation]
  4947 | D:5      | Gained mutation: You have an increased reservoir of magic (+10% MP). [potion of mutation]
  4947 | D:5      | Slain by a hound

Action                   |  1- 3 |  4- 6 || total
-------------------------+-------+-------++-------
Melee: Short sword       |    34 |   129 ||   163
       Unarmed           |     3 |       ||     3
       Staff             |       |     2 ||     2
 Cast: Flame Tongue      |    29 |    66 ||    95
       Conjure Flame     |       |     1 ||     1
       Sticky Flame      |       |     5 ||     5
  Use: Scroll            |     3 |    12 ||    15
       Potion            |       |     2 ||     2
 Stab: Sleeping          |     4 |       ||     4
  Eat: Chunk             |     2 |     7 ||     9
       Fruit             |       |     1 ||     1
       Bread ration      |       |     1 ||     1
